 Dungeon Crawl Stone Soup version 0.27-a0-1545-g3eddc1d3d3 (webtiles) character file.

Game seed: 8235622457506471664

75833 Kinoniko the Fencer (level 15, 141/141 HPs)
             Began as a White Draconian Berserker on July 8, 2021.
             Was the Champion of Trog.
             Quit the game on level 2 of the Orcish Mines on July 13, 2021.
             The game lasted 00:34:16 (25047 turns).

Kinoniko the Fencer (White Draconian Berserker)    Turns: 25047, Time: 00:34:17

Health: 141/141    AC: 19    Str: 20    XL:     15   Next: 10%
Magic:  15/15      EV: 45    Int:  6    God:    Trog [******]
Gold:   150        SH:  8    Dex: 23    Spells: 14/14 levels left

rFire    + . .     SeeInvis .   N - +7 demon blade "Lees" {flame, +Rage rN++ rCorr}
rCold    + . .     Faith    .   Y - +1 buckler of Decompression {Regen+}
rNeg     + + .     Spirit   .   (armour unavailable)
rPois    .         Reflect  .   (helmet restricted)
rElec    .         Harm     .   w - +2 cloak {Stlth+}
rCorr    +         Rampage  .   X - +3 pair of gloves "Leixoaq" {rF+ Int-2 Dex+7}
Will     +....                  d - +2 pair of boots
Stlth    ++++++....             B - amulet of the acrobat
HPRegen  1.33/turn              O - +4 ring of evasion
MPRegen  0.14/turn              R - +4 ring of evasion

@: acrobatic, studying 2 skills
A: breathe frost, AC +9, unfitting armour, cold resistance 1, cold-blooded
a: Breathe Frost, Renounce Religion, Evoke Berserk Rage, Berserk, Trog's Hand,
Brothers in Arms


You were on level 2 of the Orcish Mines.
You worshipped Trog.
Trog was exalted by your worship.
You visited 4 branches of the dungeon, and saw 22 of its levels.
You visited 1 bazaar.
You also visited: Bailey and Gauntlet.

You collected 2318 gold pieces.
You spent 2168 gold pieces at shops.

Inventory:

Hand Weapons
 v - a +6 vampiric demon blade
 N - the +7 demon blade "Lees" (weapon) {flame, +Rage rN++ rCorr}
   (You found it on level 6 of the Lair of Beasts)

   It has been specially enchanted to burn those struck by it, causing extra
   injury to most foes and up to half again as much damage against particularly
   susceptible opponents.
   Big, fiery blades are also staple armaments of hydra-hunters.
   rN:        It greatly protects you from negative energy.
   +Rage:     It lets you go berserk.
   rCorr:     It protects you from acid and corrosion.
 Q - a +6 vorpal quick blade
 U - a +2 triple sword of holy wrath
Missiles
 D - 4 curare-tipped darts (quivered)
 P - 7 javelins
 Z - 11 atropa-tipped darts
Armour
 d - a +2 pair of boots (worn)
 g - a +1 cloak
 o - a +0 kite shield
 w - a +2 cloak of stealth (worn)
 y - a +2 cloak
 X - the +3 pair of gloves "Leixoaq" (worn) {rF+ Int-2 Dex+7}
   (You acquired it on level 5 of the Lair of Beasts)

   Int:       It affects your intelligence (-2).
   Dex:       It affects your dexterity (+7).
   rF:        It protects you from fire.
 Y - the +1 buckler of Decompression (worn) {Regen+}
   (You acquired it on level 5 of the Lair of Beasts)

   Regen:     It increases your rate of health regeneration.
Jewellery
 a - a ring of see invisible
 k - a ring of resist corrosion
 q - a ring of positive energy
 B - an amulet of the acrobat (around neck)
 E - a +6 ring of intelligence
 O - a +4 ring of evasion (left hand)
 R - a +4 ring of evasion (right hand)
Wands
 F - a wand of polymorph (32)
 G - a wand of digging (3)
 H - a wand of paralysis (31)
 L - a wand of flame (65)
 V - a wand of iceblast (46)
Scrolls
 b - 6 scrolls of fear
 c - 8 scrolls of amnesia
 e - 9 scrolls of teleportation
 f - 5 scrolls of silence
 h - 2 scrolls of blinking
 m - 3 scrolls of fog
 s - a scroll of holy word
 I - 3 scrolls of immolation
 K - a scroll of brand weapon
Potions
 i - 2 potions of magic
 j - 8 potions of ambrosia
 l - 5 potions of haste
 n - 2 potions of flight
 p - 3 potions of mutation
 r - 3 potions of berserk rage
 t - 4 potions of brilliance {unknown}
 u - 2 potions of lignification {unknown}
 x - 14 potions of curing
 z - 3 potions of degeneration {unknown}
 A - 3 potions of might
 C - 2 potions of resistance
 J - 5 potions of attraction {unknown}
 M - 2 potions of cancellation
 S - a potion of invisibility {unknown}
 W - 3 potions of heal wounds


   Skills:
 * Level 15.4 Fighting
 - Level 16.0 Long Blades
 * Level 12.5 Dodging
 + Level 9.3 Stealth
 - Level 6.2 Shields


You had 14 spell levels left.
You didn't know any spells.
Your spell library contained the following spells:

 Spells                   Type           Power      Damage    Failure   Level
 Animate Skeleton         Necr           0%         N/A       45%         1
 Pain                     Necr           0%         1d4       45%         1
 Shock                    Conj/Air       0%         1d3       45%         1
 Summon Guardian Golem    Hex/Summ       0%         N/A       83%         3
 Swiftness                Air            0%         N/A       83%         3
 Vampiric Draining        Necr           0%         2d6       83%         3
 Airstrike                Air            0%         N/A       99%         4
 Orb of Destruction       Conj           0%         N/A       100%        7
 Spellforged Servitor     Conj/Summ      0%         N/A       100%        7


Dungeon Overview and Level Annotations

Branches:
Dungeon (13/15)            Temple (0/1) D:4            Lair (6/6) D:8
 Shoals (0/4) Lair:2        Snake (1/4) Lair:3        Slime (0/5) Lair:5
    Orc (2/2) D:11            Elf (0/3) Orc:2        Vaults (0/5) D:13
 Bailey (visited)         Gauntlet (visited)

Altars:
Cheibriados
Elyvilon
Fedhas
Gozag
Kikubaaqudgha
Okawaru
Qazlal
Ru
Uskayaw
Vehumet
Wu Jian
Xom
Zin
The Shining One
Jiyva

Shops:
D:10 ?   Orc:2 ?:(=


Innate Abilities, Weirdness & Mutations

You can breathe waves of freezing cold which knock back foes.
Your icy white scales are hard. (AC +9)
You cannot fit into any form of body armour.
Your flesh is cold resistant. (rC+)
You are cold-blooded and may be slowed by cold attacks.


Message History

What level of the Orcish Mines? (default 1, ? - help)
There is a stone staircase leading up here.
You climb upwards.
There is a stone staircase leading down here.
There is a stone staircase leading up here.
You climb upwards.
There is a stone staircase leading down here.
There is a staircase back to the Dungeon here.
You climb upwards.
Welcome back to the Dungeon!
There is a staircase to the Lair here.
There is a stone staircase leading down here.
You climb downwards.
There is a stone staircase leading up here.
There is a stone staircase leading down here.
You climb downwards.
There is a stone staircase leading up, spattered with blood here.
Things that are here:
a +1 ring mail of fire resistance; a +0 flail
Things that are here:
a +0 vorpal hand axe; a +0 leather armour; a +0 whip
Things that are here:
a +0 short sword; a +0 robe
There is a stone staircase leading down here.
You climb downwards.
There is a stone staircase leading up here.
There is a staircase to the Orcish Mines here.
You climb downwards.
Welcome back to the Orcish Mines!
There is a staircase back to the Dungeon here.
There is a stone staircase leading down here.
You climb downwards.
There is a stone staircase leading up here.
Things that are here:
a +0 robe; a +0 dagger
Things that are here:
a +0 robe; a +0 dagger Sorry, I don't know how to traverse that place.
There is an entrance to Qahorchie's Jewellery Shop here.
Things that are here:
an amulet of magic regeneration; a ring of wizardry Are you sure you want to abandon this character and quit the game? (Confirm with "yes".)

.##....).....≈≈# #≈≈..........##.
.#....)).)..≈≈≈# #≈≈≈..........#.
.......)).≈≈≈≈#####≈≈≈≈..........
.#....).≈≈≈≈####∩####≈≈≈≈......#.
.#.....≈≈≈≈####...####≈≈≈≈.)...#.
.......)).......∩............)[[.
.......)........∩............).))
.#.....≈≈≈≈####...####≈≈≈≈....[#(
.#......≈≈≈≈####@####≈≈≈≈......#)
..........≈≈≈≈#####≈≈≈≈..........
.#..........≈≈≈# #≈≈≈..........#.
.##..........≈≈# #≈≈..........##.
..##..##..##...###...##..##..##..
.................................
#................................
#########......#.....#....#......
##.#.............#.......


There were no monsters in sight!

Vanquished Creatures
  Rupert (Lair:6)
  A minotaur (Gauntlet)
  A fire dragon (Lair:6)
  5 hydras
  Fannar (Orc:1)
  A boulder beetle (D:12)
  3 centaur warriors
  4 two-headed ogres
  Sonja (D:13)
  Nergalle (Lair:2)
  A sixfirhy (Gauntlet)
  4 skeletal warriors
  3 orc knights
  Pikel (D:6)
  2 ugly things (D:11)
  A lindwurm (Lair:6)
  2 orc sorcerers (Orc:1)
  3 manticores
  12 elephants
  2 torpor snails
  2 molten gargoyles (Lair:6)
  A moth of wrath (Gauntlet)
  9 black mambas
  8 cane toads
  3 gargoyles
  Maggie (D:6)
  An unseen horror (D:12)
  A freezing wraith (D:13)
  12 komodo dragons
  A queen bee (Lair:2)
  7 trolls
  4 polar bears
  A wind drake (Lair:2)
  Grinder (D:5)
  10 slime creatures
  4 dream sheep (Lair:6)
  6 blink frogs (Lair:6)
  Sigmund (D:5)
  2 shadows
  2 redbacks (Gauntlet)
  A wraith (D:9)
  6 wyverns
  A basilisk (shapeshifter) (Gauntlet)
  28 yaks
  16 humans
  Eustachio (D:6)
  8 basilisks
  4 steam dragons
  6 vampire mosquitoes (D:13)
  Edmund (D:5)
  3 wargs
  5 hell hounds (Lair:6)
  A two-headed ogre zombie (D:11)
  23 water moccasins
  Duvessa (D:4)
  37 orc warriors
  A black bear (D:5)
  An ice beast (D:6)
  24 wolves
  7 ogres
  23 centaurs
  A lemure (D:6)
  2 phantoms
  10 bullfrogs
  4 kobold brigands
  A gnoll sergeant (D:8)
  6 scorpions
  Dowan (D:4)
  2 troll zombies (D:11)
  31 killer bees
  4 wights (D:7)
  5 howler monkeys
  4 electric eels (D:10)
  5 lava snakes (Lair:6)
  7 centaur zombies
  A jelly (D:6)
  19 orc priests
  3 hounds
  2 bullfrog skeletons
  2 centaur skeletons (D:5)
  8 iguanas
  20 orc wizards
  2 killer bee zombies
  5 ogre zombies (D:11)
  2 hound zombies (D:5)
  12 adders
  7 gnolls
  A howler monkey skeleton (D:7)
  4 shadow imps
  4 ufetubi
  A worm (D:2)
  2 dart slugs (D:4)
  77 orcs
  A bat zombie (D:6)
  10 endoplasms
  4 giant cockroaches
  8 goblins
  6 hobgoblins
  6 jackals
  4 quokkas
  6 ball pythons
  4 bats
  3 frilled lizards
  5 goblin skeletons
  3 goblin zombies (D:11)
  2 hobgoblin skeletons (D:11)
  4 hobgoblin zombies
  25 kobolds
  3 kobold skeletons (D:7)
  A kobold zombie (D:7)
  3 orc skeletons
  18 orc zombies
  13 rats
  2 rat zombies (D:6)
711 creatures vanquished.

Vanquished Creatures (collateral kills)
  The ghost of miberto the Severer, a journeyman MiBe of Trog (Lair:6)
  A hydra (Lair:6)
  4 oklob plants (Lair:6)
  A cane toad (Lair:6)
  A blink frog (Lair:6)
  2 yaks (Lair:6)
  A water moccasin (Lair:6)
11 creatures vanquished.

Vanquished Creatures (others)
  A basilisk (Lair:6)
  An orc warrior (Orc:2)
  16 fungi
  34 plants
  14 withered plants (Gauntlet)
66 creatures vanquished.

Grand Total: 788 creatures vanquished

Notes
Turn   | Place    | Note
-------+----------+-------------------------------------------
     0 | D:1      | Kinoniko the Draconian Berserker began the quest for the
                  | Orb.
     0 | D:1      | Reached XP level 1. HP: 19/19 MP: 1/1
   218 | D:1      | Reached XP level 2. HP: 23/26 MP: 2/2
  1348 | D:2      | Reached XP level 3. HP: 31/31 MP: 3/3
  1672 | D:2      | Reached ** piety under Trog
  1829 | D:2      | Reached skill level 4 in Long Blades
  2304 | D:2      | Reached XP level 4. HP: 37/39 MP: 4/4
  2321 | D:2      | Found a faded altar of an unknown god.
  2522 | D:3      | Found an iron altar of Okawaru.
  2619 | D:3      | Found a stormy altar of Qazlal.
  2864 | D:3      | Reached XP level 5. HP: 45/45 MP: 5/5
  2868 | D:3      | Reached skill level 5 in Long Blades
  3045 | D:3      | Reached *** piety under Trog
  3092 | D:3      | Found a shimmering altar of Xom.
  3299 | D:3      | Found an ornate altar of the Wu Jian Council.
  3660 | D:4      | Reached XP level 6. HP: 42/51 MP: 6/6
  4002 | D:4      | Reached skill level 6 in Long Blades
  4475 | D:4      | Found a staircase to the Ecumenical Temple.
  4573 | D:4      | Noticed Duvessa
  4573 | D:4      | Noticed Dowan
  4579 | D:4      | Killed Duvessa
  4580 | D:4      | Your scales start taking on an icy white colour.
  4580 | D:4      | Reached XP level 7. HP: 57/57 MP: 7/7
  4580 | D:4      | Gained mutation: Your flesh is cold resistant. (rC+) [White
                  | Draconian growth]
  4582 | D:4      | Killed Dowan
  4686 | D:4      | Noticed a +0 short sword
  4688 | D:4      | Noticed a +0 spear
  4688 | D:4      | Noticed a +0 short sword
  4689 | D:4      | Noticed a +0 falchion
  4689 | D:4      | Noticed a +0 falchion
  4689 | D:4      | Noticed a +0 dagger
  4689 | D:4      | Noticed a +0 spear
  4689 | D:4      | Noticed a +0 dagger
  4693 | D:4      | Found a hide-covered altar of Uskayaw.
  4867 | D:5      | Entered Level 5 of the Dungeon
  4877 | D:5      | Reached skill level 7 in Long Blades
  4879 | D:5      | Reached skill level 5 in Dodging
  5159 | D:5      | Reached skill level 8 in Long Blades
  5159 | D:5      | Reached XP level 8. HP: 64/64 MP: 8/8
  5244 | D:5      | Noticed a two-headed ogre
  5250 | D:5      | Killed a two-headed ogre
  5251 | D:5      | Reached skill level 9 in Long Blades
  5552 | D:5      | Noticed Edmund
  5561 | D:5      | Killed Edmund
  5749 | D:5      | Noticed Sigmund
  5756 | D:5      | Killed Sigmund
  5757 | D:5      | Reached skill level 10 in Long Blades
  5757 | D:5      | Reached XP level 9. HP: 70/70 MP: 9/9
  6110 | D:5      | Noticed Grinder
  6116 | D:5      | Killed Grinder
  6471 | D:6      | Noticed Pikel
  6483 | D:6      | Reached **** piety under Trog
  6496 | D:6      | Killed Pikel
  6497 | D:6      | Reached skill level 11 in Long Blades
  6797 | D:6      | Identified a scroll of acquirement
  6797 | D:6      | Acquired a +1 vampiric demon blade
  6978 | D:6      | Noticed Eustachio
  6992 | D:6      | Killed Eustachio
  7091 | D:6      | Found an ancient bone altar of Kikubaaqudgha.
  7168 | D:6      | Noticed Maggie
  7187 | D:6      | Killed Maggie
  7188 | D:6      | Reached XP level 10. HP: 62/77 MP: 10/10
  7588 | D:6      | Reached skill level 12 in Long Blades
  7924 | D:7      | Found a radiant altar of Vehumet.
  7974 | D:7      | Found a glowing golden altar of the Shining One.
  8023 | D:7      | Reached ***** piety under Trog
  8221 | D:7      | Found a white marble altar of Elyvilon.
  8478 | D:8      | Found a glowing silver altar of Zin.
  8512 | D:8      | Found an opulent altar of Gozag.
  8561 | D:8      | Found a staircase to the Lair.
  8859 | D:8      | Found a snail-covered altar of Cheibriados.
  9133 | D:9      | Found a sacrificial altar of Ru.
  9528 | D:9      | Reached skill level 5 in Fighting
  9528 | D:9      | Reached skill level 13 in Long Blades
 10007 | D:10     | Entered Level 10 of the Dungeon
 10024 | D:10     | Noticed a two-headed ogre
 10169 | D:10     | Killed a two-headed ogre
 10354 | D:10     | Reached XP level 11. HP: 89/89 MP: 11/11
 10408 | D:10     | Found Teurotoo's Magic Scroll Emporium.
 10417 | D:10     | Bought a scroll of enchant weapon for 105 gold pieces
 10417 | D:10     | Bought a scroll of enchant armour for 105 gold pieces
 10417 | D:10     | Bought a scroll of enchant armour for 105 gold pieces
 10935 | Lair:1   | Entered Level 1 of the Lair of Beasts
 10954 | Lair:1   | Reached skill level 14 in Long Blades
 10955 | Lair:1   | Noticed a six-headed hydra
 10972 | Lair:1   | Killed a 15-headed hydra
 11526 | Lair:1   | Identified the +4 war axe of Defilement {flame, rElec rF+}
 11747 | Lair:2   | Noticed Nergalle
 11757 | Lair:2   | Killed Nergalle
 11805 | Lair:2   | Found a gate leading to a gauntlet.
 11818 | Gauntlet | Entered a Gauntlet
 11818 | Gauntlet | Found a transporter.
 11831 | Gauntlet | Found a transporter.
 11846 | Gauntlet | Found a transporter.
 11848 | Gauntlet | Noticed a wizard
 11851 | Gauntlet | Found a transporter.
 11851 | Gauntlet | Noticed a sun demon
 11867 | Gauntlet | Noticed a wizard
 11868 | Gauntlet | Found a transporter.
 11885 | Gauntlet | Found a transporter.
 11897 | Gauntlet | Found a transporter.
 11905 | Gauntlet | Noticed a great orb of eyes
 11908 | Gauntlet | Noticed a red ugly thing
 11909 | Gauntlet | Found a transporter.
 11909 | Gauntlet | Noticed a purple ugly thing
 11921 | Gauntlet | Found a transporter.
 11927 | Gauntlet | Found a transporter.
 11927 | Gauntlet | Found a transporter.
 11942 | Gauntlet | Found a transporter.
 11942 | Gauntlet | Noticed an orange crystal statue
 11961 | Gauntlet | Found a transporter.
 11978 | Gauntlet | Found a transporter.
 11982 | Gauntlet | Noticed a sixfirhy
 12003 | Gauntlet | Found a transporter.
 12005 | Gauntlet | Found a transporter.
 12025 | Gauntlet | Found a transporter.
 12103 | Gauntlet | Found a transporter.
 12308 | Gauntlet | Killed a sixfirhy
 12523 | Gauntlet | Identified the +2 lajatang of Ykusu {vorpal, rElec rC++
                  | Str+7}
 12604 | Gauntlet | Identified the -1 pair of gloves of Courage {Rampage rElec
                  | Stlth-}
 12644 | Gauntlet | Identified the +6 scale mail of Sin {+Blink Dex+4}
 12644 | Gauntlet | Noticed a minotaur
 12651 | Gauntlet | Killed a minotaur
 12652 | Gauntlet | Reached skill level 15 in Long Blades
 12731 | Gauntlet | Identified the +6 short sword "Ikoipt" {elec, rF++ Str+5
                  | Dex-3}
 12961 | Lair:2   | Noticed a five-headed hydra
 12968 | Lair:2   | Killed a seven-headed hydra
 13356 | Lair:2   | Reached XP level 12. HP: 103/103 MP: 12/12
 13401 | Lair:2   | Received a gift from Trog
 13517 | Lair:2   | Found a staircase to the Shoals.
 13700 | Lair:2   | Noticed a six-headed hydra
 13717 | Lair:2   | Killed an 18-headed hydra
 13982 | Lair:3   | Found a staircase to the Snake Pit.
 14106 | Lair:3   | Reached skill level 16 in Long Blades
 14538 | Lair:3   | Reached ****** piety under Trog
 14548 | Lair:3   | Reached skill level 1 in Shields
 15059 | Lair:4   | Reached skill level 10 in Fighting
 15580 | Lair:4   | Acquired a manual of Stealth
 15816 | Lair:4   | Reached skill level 1 in Stealth
 16290 | Lair:4   | Noticed a five-headed hydra
 16303 | Lair:4   | Killed a 14-headed hydra
 16639 | Lair:5   | Found a staircase to the Slime Pits.
 16639 | Lair:5   | Found a viscous altar of Jiyva.
 16741 | Lair:5   | Found a blossoming altar of Fedhas.
 16909 | Lair:5   | Acquired the +1 buckler of Decompression {Regen+}
 16911 | Lair:5   | Acquired the +3 pair of gloves "Leixoaq" {rF+ Int-2 Dex+7}
 16988 | Lair:5   | Reached XP level 13. HP: 116/116 MP: 13/13
 17630 | Lair:6   | Entered Level 6 of the Lair of Beasts
 17631 | Lair:6   | Noticed Rupert
 17636 | Lair:6   | Paralysed by Rupert for 5 turns
 17653 | Lair:6   | Killed Rupert
 17907 | Lair:6   | Reached skill level 5 in Shields
 18131 | Lair:6   | Identified the +0 barding of Day {Str+3 Stlth+}
 18185 | Lair:6   | Reached skill level 10 in Dodging
 18747 | Lair:6   | Identified the +1 helmet of Lesser Demons {rElec rF+ rC-
                  | Stlth+}
 18755 | Lair:6   | Received a gift from Trog
 19199 | Lair:6   | Found a large runed translucent door.
 19199 | Lair:6   | Found a large runed translucent door.
 19290 | Lair:6   | Reached skill level 5 in Stealth
 19355 | Lair:6   | Found a large runed translucent door.
 19355 | Lair:6   | Found a large runed translucent door.
 19356 | Lair:6   | Noticed miberto's ghost (journeyman MiBe)
 19460 | Lair:6   | Reached XP level 14. HP: 129/129 MP: 14/14
 20174 | Lair:6   | Killed miberto's ghost
 20178 | Lair:6   | Identified the +7 demon blade "Lees" {flame, +Rage rN++
                  | rCorr}
 20219 | Lair:6   | Identified the +7 trident of Righteous Anger {drain, *Slow
                  | rPois rN+}
 20514 | D:11     | Found a staircase to the Orcish Mines.
 21316 | D:12     | Found a flagged portal.
 21326 | Bailey   | Entered a bailey
 21366 | Bailey   | Found a bloodstained altar of Trog.
 21898 | D:12     | Identified the +2 leather armour of Zoffy {rCorr Int+7
                  | Dex-5}
 22022 | D:13     | Found a gate to the Vaults.
 22061 | D:13     | Received a gift from Trog
 22331 | D:13     | Found a flickering gateway to a bazaar.
 22339 | Bazaar   | Entered a bazaar
 22339 | Bazaar   | Found Mouquhint's Antique Weapon Shop.
 22351 | Bazaar   | Found Haussoaki's Antique Armour Shop.
 22377 | Bazaar   | Found Sikleczo's Distillery.
 22385 | Bazaar   | Bought a potion of heal wounds for 45 gold pieces
 22385 | Bazaar   | Bought a potion of might for 36 gold pieces
 22385 | Bazaar   | Bought a potion of heal wounds for 45 gold pieces
 22391 | Bazaar   | Bought a potion of cancellation for 72 gold pieces
 22391 | Bazaar   | Bought 2 potions of curing for 54 gold pieces
 22391 | Bazaar   | Bought a potion of curing for 27 gold pieces
 22391 | Bazaar   | Bought a potion of resistance for 90 gold pieces
 22411 | Bazaar   | Bought a runed cloak for 202 gold pieces
 22411 | Bazaar   | Bought a glowing cloak for 202 gold pieces
 22629 | D:13     | Noticed Sonja
 22641 | D:13     | Reached skill level 15 in Fighting
 22648 | D:13     | Killed Sonja
 22971 | Orc:1    | Entered Level 1 of the Orcish Mines
 23257 | Orc:2    | Entered Level 2 of the Orcish Mines
 23356 | Orc:2    | Received a gift from Trog
 23696 | Orc:2    | Found a staircase to the Elven Halls.
 23831 | Orc:2    | Reached XP level 15. HP: 132/141 MP: 15/15
 24053 | Orc:2    | Found Gidwosef's Book Shoppe.
 24053 | Orc:2    | Found Dycust's Antique Weapon Boutique.
 24055 | Orc:2    | Found Qahorchie's Jewellery Shop.
 24057 | Orc:2    | Found Icle's Magic Scroll Emporium.
 24064 | Orc:2    | Bought a +4 ring of evasion for 540 gold pieces
 24127 | Orc:1    | Received a gift from Trog
 24355 | Orc:1    | Found an iron altar of Okawaru.
 24462 | Orc:1    | Noticed Fannar
 24475 | Orc:1    | Killed Fannar
 24628 | Orc:2    | Bought a +4 ring of evasion for 540 gold pieces
 24645 | Orc:2    | Upgraded the game from 0.27-a0-1501-g9d6fb14e67 to
                  | 0.27-a0-1545-g3eddc1d3d3
 24874 | Snake:1  | Entered Level 1 of the Snake Pit
 25047 | Orc:2    | Quit the game

Illustrated notes

Levels and vault maps discovered:
D:1:      dpeg_arrival_rooms_with_view, layout_loops_corners
D:2:      layout_loops_ring, shapermc_ecumenical_altar_petra,
          minmay_rat_gold_closets
D:3:      corexii_shack_village, layout_loops_ring,
          nicolae_overflow_hidden_temple, nicolae_overflow_crystal_walls,
          mainiacjoe_overflow_tiny_flanked, mainiacjoe_overflow_small_starburst,
          nrook_loot_triangle
D:4:      layout_gridville, nicolae_uskayaw_en_pointe,
          minmay_temple_entry_fiery, chequers_arboretum,
          minmay_fractal_squares_diagonal_5, uniq_duvessa
D:5:      layout_basic, chequers_decorated_corner, uniq_edmund, uniq_grinder,
          uniq_sigmund
D:6:      layout_gridville, lemuel_zombie_altar_kikubaaqudgha, uniq_pikel,
          uniq_eustachio, uniq_maggie
D:7:      layout_cave_pools, lemuel_tele_altar, elyvilon_altar_5,
          nicolae_tso_besieged_by_evil, minmay_manual_mail
D:8:      layout_loops_ring, mainiacjoe_overflow_catwalk, grunt_gozag_statues,
          zin_academy, lair_entry_dummy
D:9:      layout_stronghold, nicolae_ru_awakened_eye
D:10:     layout_big_octagon, serial_shops, nicolae_square_shop,
          kennysheep_big_empty_room
D:11:     layout_basic, zombieorc2_lemuel, kennysheep_generic_room_9
D:12:     layout_cave_pools, enter_bailey_2, chequers_serial_rivers_micro_d,
          hangedman_abyss_or_decor_stabs
D:13:     layout_rooms, david_vaults_3, serial_shops, bzr_entry_water,
          uniq_sonja
Lair:1:   layout_long_grid, grunt_megastairs_2
Lair:2:   layout_cave_pods, minmay_shoals_entry_beasts, gauntlet_entry_generic,
          special_room [special_room_bee], uniq_nergalle
Lair:3:   layout_gridlike, dummy_snake_entry
Lair:4:   cheibrodos_lair_river_kwai, layout_regular_city
Lair:5:   layout_regular_city, slime_altar_1, basic_altar,
          grunt_forest_small_clearing_treed
Lair:6:   cheibrodos_lair_end_hotspot, layout_big_grid,
          ebering_ghost_disaster_area, chequers_serial_rivers_micro_c,
          st_stairs_12, chequers_serial_rivers_room_b,
          chequers_serial_rivers_room_b, serial_bayou_pond_d,
          minmay_lair_oklob_chamber, uniq_rupert
Snake:1:  layout_rooms, drop_trap, nicolae_snake_snakes_in_the_grass
Orc:1:    layout_diamond_mine, okawaru_metal_pillars_1_2, uniq_fannar
Orc:2:    st_orc_rangers, layout_caves

Skill      XL: |  1  2  3  4  5  6  7  8  9 10 11 12 13 14 |
---------------+-------------------------------------------+-----
Dodging        | 3 4 5 6 8 9 10 12 | 12.5
Long Blades    | 4 5 6 8 10 11 13 15 16 | 16.0
Fighting       | 6 8 11 13 15 | 15.4
Shields        | 4 6 |  6.2
Stealth        | 3 5 9 |  9.3

Action                   |  1- 3 |  4- 6 |  7- 9 | 10-12 | 13-15 || total
-------------------------+-------+-------+-------+-------+-------++-------
Melee: Falchion          |   126 |   161 |    38 |       |       ||   325
       Tailslap          |    15 |    21 |    43 |   104 |   218 ||   401
       Long sword        |       |       |   128 |       |       ||   128
       Demon blade       |       |       |    31 |   710 |   903 ||  1644
Invok: Berserk           |       |     5 |    11 |    24 |    21 ||    61
       Brothers in Arms  |       |       |       |       |     3 ||     3
 Abil: Breathe Frost     |       |       |     1 |     3 |     1 ||     5
  Use: Scroll            |       |     9 |     3 |    20 |     7 ||    39
       Potion            |       |       |       |     4 |     2 ||     6
 Stab: Sleeping          |     1 |     3 |       |     4 |     9 ||    17
       Distracted        |       |       |       |     1 |     4 ||     5
Armor: Skin              |    40 |    50 |    53 |   234 |   194 ||   571
Dodge: Dodged            |    69 |   100 |   122 |   496 |   702 ||  1489
Block: Buckler           |       |       |       |     4 |   320 ||   324
       Rpst.: Falchion   |    22 |    29 |     6 |       |       ||    57
       Long sword        |       |       |    23 |       |       ||    23
       Demon blade       |       |       |     4 |   118 |   145 ||   267

Table legend: (Time is in decaauts)
 A = Elapsed time spent in this place.
 B = Non-inter-level travel time spent in this place.
 C = Inter-level travel time spent in this place.
 D = Time resting spent in this place.
 E = Time spent auto-exploring this place.
 F = Levels seen in this place.
 G = Mean time per level.
                   A        B        C        D        E       F      G
               +--------+--------+--------+--------+--------+-----+--------+
         Total |  24922 |  23564 |   1358 |   5572 |  14132 |  25 |  996.9 |
       Dungeon |  13404 |  12697 |    707 |   2286 |   8467 |  13 | 1031.1 |
          Lair |   8487 |   8121 |    366 |   2477 |   4565 |   6 | 1414.5 |
     Snake Pit |     10 |     10 |      0 |      0 |      0 |   1 |   10.0 |
  Orcish Mines |   1766 |   1483 |    283 |    407 |    718 |   2 |  883.0 |
        Bazaar |     97 |     97 |      0 |      0 |     45 |   1 |   97.0 |
        Bailey |    222 |    222 |      0 |     18 |     13 |   1 |  222.0 |
      Gauntlet |    934 |    934 |      0 |    382 |    324 |   1 |  934.0 |
               +--------+--------+--------+--------+--------+-----+--------+

Top non-repeatable levels by time:
  Lair:6: 2407 daAuts
  Lair:4: 1510 daAuts
     D:5: 1504 daAuts
     D:6: 1407 daAuts
  Lair:2: 1405 daAuts
     D:3: 1318 daAuts
  Lair:5: 1277 daAuts
     D:2: 1244 daAuts
     D:4: 1241 daAuts
     D:1: 1136 daAuts
     D:9: 1122 daAuts
   Orc:2: 1106 daAuts
  Lair:3: 1090 daAuts
    D:11: 949 daAuts
Gauntlet: 934 daAuts
